 Dungeon Crawl Stone Soup version 0.24.0-125-gc4c63601f3 (webtiles) character file.

Game seed: 15345034537287490602, levelgen mode: deterministic

22413 Frank2 the Basher (level 12, -2/94 HPs)
             Began as a Demonspawn Gladiator on Mar 22, 2020.
             Was an Elder of Makhleb.
             Slain by a minotaur (7 damage)
             ... in a Gauntlet.
             The game lasted 00:28:41 (14261 turns).

Frank2 the Basher (Demonspawn Gladiator)           Turns: 14261, Time: 00:28:42

Health: -2/94      AC: 15    Str: 15    XL:     12   Next: 62%
Magic:  19/19      EV: 21    Int:  9    God:    Makhleb [****..]
Gold:   672        SH:  0    Dex: 20    Spells: 11/11 levels left

rFire    . . .     SeeInvis .   x - +5 mace
rCold    + . .     Gourm    .   (no shield)
rNeg     . . .     Faith    +   j - +3 leather armour {rC+}
rPois    .         Spirit   .   c - +2 helmet
rElec    .         Reflect  .   z - +1 cloak
rCorr    .         Harm     .   (gloves unavailable)
MR       +....     NoTele   +   d - +0 pair of boots {Fly}
Stlth    ++........             N - amulet of faith
HPRegen  0.25/turn              M - ring of protection from magic
MPRegen  0.16/turn              H - +3 ring of evasion

@: flying
A: claws 3, yellow scales 1, powered by death 1, powered by pain 2
a: Minor Destruction, Lesser Servant of Makhleb, Major Destruction, Renounce
Religion, Stop Flying


You were in a Gauntlet.
You worshipped Makhleb.
Makhleb was greatly pleased with you.
You were not hungry.

You visited 3 branches of the dungeon, and saw 15 of its levels.
You also visited: Gauntlet.

You collected 672 gold pieces.

Inventory:

Hand Weapons
 x - a +5 mace (weapon)
 y - a +0 great mace
Missiles
 e - 2 throwing nets (quivered)
Armour
 c - a +2 helmet (worn)
 d - a +0 pair of boots of flying (worn)
 i - a +0 cloak of invisibility
 j - a +3 leather armour of cold resistance (worn)
 z - a +1 cloak (worn)
 Q - the cursed +1 ring mail "Afuef" {Int+5}
   (You found it on level 2 of the Lair of Beasts)

   It affects your intelligence (+5).
   It has a curse placed upon it.
Jewellery
 g - an uncursed ring of flight
 p - an uncursed ring of poison resistance
 H - a +3 ring of evasion (right claw)
 M - a ring of protection from magic (left claw)
 N - an amulet of faith (around neck)
Wands
 n - a wand of acid (12)
 v - a wand of iceblast (7)
 D - a wand of disintegration (9)
 E - a wand of enslavement (6)
 G - a wand of paralysis (1)
 J - a wand of flame (24)
Scrolls
 b - 3 scrolls of fear
 m - 3 scrolls of remove curse
 w - a scroll of teleportation
 A - a scroll of fog
Potions
 a - a potion of mutation
 h - a potion of heal wounds
 o - a potion of resistance
 q - 4 potions of lignification
 u - 3 potions of cancellation
 B - 2 potions of invisibility
 C - 3 potions of flight
 I - 2 potions of curing
 K - 2 potions of might
 L - a potion of berserk rage {unknown}
Comestibles
 f - 27 rations


   Skills:
 + Level 8.5 Fighting
 + Level 12.2 Maces & Flails
 - Level 1.7 Throwing
 + Level 5.0 Armour
 + Level 8.0 Dodging
 * Level 10.0 Invocations
 * Level 7.7 Evocations


You had 11 spell levels left.
You didn't know any spells.
Your spell library contained the following spells:

 Spells                   Type           Power        Failure   Level  Hunger
 Animate Skeleton         Necr           N/A          43%         1    ##.....
 Confusing Touch          Hex            #.....       43%         1    ##.....
 Infusion                 Chrm           #...         43%         1    ##.....
 Magic Dart               Conj           #...         43%         1    ##.....
 Pain                     Necr           #...         43%         1    ##.....
 Summon Small Mammal      Summ           #...         43%         1    ##.....
 Blink                    Tloc           N/A          58%         2    ###....
 Call Imp                 Summ           #.......     58%         2    ###....
 Shroud of Golubria       Chrm/Tloc      #.....       58%         2    ###....
 Slow                     Hex            #.......     58%         2    ###....
 Song of Slaying          Chrm           #.......     58%         2    ###....
 Call Canine Familiar     Summ           #.......     82%         3    ####...
 Confuse                  Hex            #.......     82%         3    ####...
 Conjure Flame            Conj/Fire      #.......     82%         3    ####...
 Gell's Gravitas          Tloc           #.........   82%         3    ####...
 Mephitic Cloud           Conj/Pois/Air  #.......     82%         3    ####...
 Regeneration             Chrm/Necr      #.........   82%         3    ####...
 Spectral Weapon          Hex/Chrm       #.......     82%         3    ####...
 Summon Guardian Golem    Hex/Summ       #.......     82%         3    ####...
 Vampiric Draining        Necr           #.........   82%         3    ####...
 Animate Dead             Necr           N/A          99%         4    #####..
 Petrify                  Tmut/Erth      #.......     99%         4    #####..
 Summon Ice Beast         Ice/Summ       #.......     99%         4    #####..
 Summon Lightning Spire   Summ/Air       #.......     99%         4    #####..
 Bolt of Magma            Conj/Fire/Erth #.........   100%        5    ######.
 Iskenderun's Battlesphe  Conj/Chrm      #.......     100%        5    ######.
 Metabolic Englaciation   Hex/Ice        #.........   100%        5    ######.
 Venom Bolt               Conj/Pois      #.........   100%        5    ######.
 Yara's Violent Unravell  Hex/Tmut       #.........   100%        5    ######.
 Iron Shot                Conj/Erth      #.........   100%        6    #######
 Orb of Destruction       Conj           #.........   100%        7    #######
 Spellforged Servitor     Conj/Summ      #.........   100%        7    #######


Dungeon Overview and Level Annotations

Branches:
Dungeon (11/15)            Temple (1/1) D:4            Lair (3/6) D:11
    Orc (0/2) D:9         Gauntlet (1/1)
  Swamp: Lair:2-4    Shoals: Lair:2-4     Snake: Lair:2-4    Spider: Lair:2-4

Altars:
Ashenzari
Cheibriados
Dithmenos
Elyvilon
Gozag
Hepliaklqana
Kikubaaqudgha
Makhleb
Nemelex Xobeh
Okawaru
Qazlal
Sif Muna
Trog
Uskayaw
Vehumet
Wu Jian
Xom
Yredelemnul
Zin
The Shining One
Beogh

Annotations:
D:6 1 runed translucent door, VPR's ghost, novice HOFi Gauntlet 8 transporters


Innate Abilities, Weirdness & Mutations

You have claws for hands.
You are partially covered in yellow scales. (AC +2)
You regenerate a little health from kills.
You sometimes gain power by taking damage.


Message History

There is an open door, spattered with blood here.
You hit the minotaur but do no damage.
The minotaur is heavily wounded.
The minotaur closely misses you. The minotaur completely misses you.
You sock the minotaur!
The minotaur is heavily wounded.
The minotaur completely misses you.
The minotaur gores you but does no damage.
You thump the minotaur!
The minotaur is severely wounded.
You thump the minotaur!
The minotaur is severely wounded.
The minotaur hits you!!
* * * LOW HITPOINT WARNING * * *
The minotaur gores you!
* * * LOW HITPOINT WARNING * * *
You thump the minotaur!
The minotaur is almost dead.
The minotaur hits you!
You die...

###### ###.##.# #.....###
#.##.##∩# ##.##.##.#
#......#.# ###.##.#H#
###.##.#@###.##
#...............
#.##.##(##.##.##
#.##.##.##.##
#...............
##.##.##.##.##.#
###.##.##.##.##.###
#≈..............§§#
####8.8.8..©.©..8.8§8####
###


You could see a minotaur.

Vanquished Creatures
  Harold (D:9)
  2 hydras
  A two-headed ogre (D:10)
  5 death yaks (Lair:2)
  2 unseen horrors (D:10)
  Pikel (D:9)
  2 ugly things (D:10)
  2 cyclopes (D:11)
  3 spiny frogs
  A gargoyle (D:11)
  A kobold demonologist (D:10)
  A komodo dragon (D:10)
  A tengu conjurer (D:8)
  A rime drake (Lair:3)
  Prince Ribbit (Lair:1)
  6 blink frogs
  4 hippogriffs
  A spriggan (D:10)
  Eustachio (D:4)
  A basilisk (Lair:2)
  8 yaks
  Menkaure (D:4)
  4 water moccasins
  6 porcupines
  2 orc warriors
  4 black bears
  2 slaves (D:9)
  2 sky beasts (D:11)
  A necrophage (D:9)
  6 ogres
  An ice beast (D:5)
  6 wolves (Lair:1)
  5 crocodiles
  A big kobold (D:11)
  9 bullfrogs
  Blork the orc (D:4)
  A wyvern zombie (D:11)
  A water moccasin zombie (D:10)
  3 scorpions
  5 killer bees
  2 vampire bats (D:9)
  5 wights (D:10)
  3 howler monkeys
  A quasit (D:9)
  4 centaur zombies
  7 crimson imps
  2 jellies
  6 orc priests
  A bullfrog skeleton (D:4)
  5 hounds
  12 orc wizards
  Crazy Yiuf (D:5)
  3 iguanas
  8 worker ants
  A killer bee zombie (D:6)
  2 hound skeletons
  A mummy (D:8)
  A howler monkey zombie (D:6)
  3 worker ant zombies
  8 gnolls
  9 adders
  A shadow imp (D:5)
  An ooze (D:2)
  An adder zombie (D:6)
  2 worms (D:2)
  2 adder skeletons
  2 dart slugs
  4 leopard geckos
  33 orcs
  2 ball pythons
  4 bats
  3 bat skeletons (D:9)
  2 bat zombies (D:9)
  7 giant cockroaches
  6 goblins
  4 hobgoblins
  9 jackals
  3 quokkas
  5 frilled lizards
  7 kobolds
  A leopard gecko skeleton (D:4)
  4 rats
  A fungus (D:11)
296 creatures vanquished.

Vanquished Creatures (others)
  An orc (D:8)
  3 demonic plants (Gauntlet)
  9 fungi
13 creatures vanquished.

Grand Total: 309 creatures vanquished

Notes
Turn   | Place    | Note
-------+----------+-------------------------------------------
     0 | D:1      | Frank2 the Demonspawn Gladiator began the quest for the
                  | Orb.
     0 | D:1      | Reached XP level 1. HP: 16/16 MP: 1/1
    28 | D:1      | Reached skill level 3 in Maces & Flails
    30 | D:1      | Gained mutation: You have sharp fingernails. [demonic
                  | ancestry]
    30 | D:1      | Reached XP level 2. HP: 18/22 MP: 2/2
   616 | D:2      | Found a glowing silver altar of Zin.
   710 | D:2      | Reached XP level 3. HP: 27/27 MP: 3/3
   813 | D:2      | Found a stormy altar of Qazlal.
  1397 | D:3      | Reached skill level 1 in Armour
  1397 | D:3      | Reached XP level 4. HP: 25/34 MP: 4/4
  1498 | D:3      | Reached skill level 4 in Maces & Flails
  1774 | D:3      | Reached XP level 5. HP: 39/39 MP: 5/5
  2221 | D:3      | Found a shimmering blue altar of Sif Muna.
  2374 | D:4      | Found an opulent altar of Gozag.
  2374 | D:4      | Found a glowing golden altar of the Shining One.
  2600 | D:4      | Noticed an ogre
  2612 | D:4      | Noticed Menkaure
  2627 | D:4      | Killed an ogre
  2627 | D:4      | Gained mutation: You have very sharp fingernails. [demonic
                  | ancestry]
  2627 | D:4      | Reached XP level 6. HP: 25/46 MP: 6/6
  2783 | D:4      | Killed Menkaure
  2783 | D:4      | Reached skill level 5 in Maces & Flails
  2909 | D:4      | Noticed Blork the orc
  2925 | D:4      | Killed Blork the orc
  2938 | D:4      | Noticed Eustachio
  2965 | D:4      | Killed Eustachio
  2965 | D:4      | Gained mutation: You sometimes gain a little power by
                  | taking damage. [demonic ancestry]
  2965 | D:4      | Reached XP level 7. HP: 31/52 MP: 7/7
  3121 | D:4      | Reached skill level 6 in Maces & Flails
  3128 | D:4      | Found a staircase to the Ecumenical Temple.
  3282 | Temple   | Entered the Ecumenical Temple
  3313 | Temple   | Became a worshipper of Makhleb the Destroyer
  3381 | D:5      | Entered Level 5 of the Dungeon
  3586 | D:5      | Found a runed translucent door.
  3587 | D:5      | Noticed Crazy Yiuf
  3601 | D:5      | Killed Crazy Yiuf
  4173 | D:6      | Gained mutation: You are partially covered in yellow
                  | scales. (AC +2) [demonic ancestry]
  4173 | D:6      | Reached XP level 8. HP: 31/60 MP: 8/8
  4461 | D:6      | Reached * piety under Makhleb
  4461 | D:6      | Reached skill level 7 in Maces & Flails
  5083 | D:6      | Found a runed translucent door.
  5140 | D:6      | Found an iron altar of Okawaru.
  5153 | D:6      | Reached skill level 1 in Invocations
  5235 | D:6      | Noticed VPR's ghost (novice HOFi)
  5320 | D:6      | Found a hazy altar of Hepliaklqana.
  5320 | D:6      | Found a shattered altar of Ashenzari.
  5425 | D:7      | Reached skill level 1 in Evocations
  5453 | D:7      | Noticed a hippogriff
  5463 | D:7      | Killed a hippogriff
  5878 | D:7      | Reached skill level 8 in Maces & Flails
  5885 | D:7      | Gained mutation: You regenerate a little health from kills.
                  | [demonic ancestry]
  5885 | D:7      | Reached XP level 9. HP: 59/66 MP: 11/11
  6552 | D:8      | Reached skill level 5 in Dodging
  6782 | D:8      | Reached skill level 5 in Fighting
  6816 | D:8      | Reached ** piety under Makhleb
  6817 | D:8      | Noticed a tengu conjurer
  6828 | D:8      | Killed a tengu conjurer
  7074 | D:8      | Found a snail-covered altar of Cheibriados.
  7135 | D:8      | Found a basalt altar of Yredelemnul.
  7187 | D:8      | Found a white marble altar of Elyvilon.
  7271 | D:9      | Found an ancient bone altar of Kikubaaqudgha.
  7328 | D:9      | Noticed Harold
  7355 | D:9      | Killed Harold
  7355 | D:9      | Reached skill level 9 in Maces & Flails
  7355 | D:9      | Reached skill level 5 in Invocations
  7623 | D:9      | Gained mutation: You have claws for hands. [demonic
                  | ancestry]
  7623 | D:9      | Reached XP level 10. HP: 74/74 MP: 14/14
  7625 | D:9      | Found a staircase to the Orcish Mines.
  7697 | D:9      | Found a roughly hewn altar of Beogh.
  7738 | D:9      | Reached *** piety under Makhleb
  7793 | D:9      | Noticed Pikel
  7823 | D:9      | Killed Pikel
  8262 | D:10     | Entered Level 10 of the Dungeon
  8291 | D:10     | Killed an unseen horror
  8745 | D:10     | Killed an unseen horror
  8996 | D:10     | Noticed a purple ugly thing
  9160 | D:10     | Reached skill level 5 in Evocations
  9256 | D:10     | Noticed a two-headed ogre
  9275 | D:10     | Killed a two-headed ogre
  9275 | D:10     | Reached skill level 10 in Maces & Flails
  9451 | D:10     | Reached XP level 11. HP: 83/83 MP: 16/16
  9754 | D:10     | Noticed a soul eater
  9844 | D:10     | Noticed a brown ugly thing
  9858 | D:10     | Killed a brown ugly thing
  9870 | D:10     | Killed a brown ugly thing
 10085 | D:11     | Found a staircase to the Lair.
 10098 | D:11     | Reached **** piety under Makhleb
 10246 | D:11     | Identified the +7 quarterstaff of Wounding {vamp, rElec rF+
                  | Int+3 Stlth-}
 10398 | D:11     | Reached skill level 11 in Maces & Flails
 11184 | Lair:1   | Entered Level 1 of the Lair of Beasts
 11262 | Lair:1   | Noticed an eight-headed hydra
 11270 | Lair:1   | Killed an eight-headed hydra
 11308 | Lair:1   | Noticed Prince Ribbit
 11343 | Lair:1   | Killed Prince Ribbit
 11769 | Lair:1   | Gained mutation: You sometimes gain power by taking damage.
                  | [demonic ancestry]
 11769 | Lair:1   | Reached XP level 12. HP: 74/92 MP: 18/18
 11867 | Lair:1   | Reached ***** piety under Makhleb
 12384 | Lair:2   | Noticed a seven-headed hydra
 12398 | Lair:2   | Killed a seven-headed hydra
 12541 | Lair:2   | Noticed a death yak
 12541 | Lair:2   | Noticed a death yak
 12541 | Lair:2   | Noticed a death yak
 12546 | Lair:2   | Got a transparent ring mail
 12564 | Lair:1   | Identified the cursed +1 ring mail "Afuef" {Int+5} (You
                  | found it on level 2 of the Lair of Beasts)
 12889 | Lair:2   | Noticed a death yak
 12908 | Lair:2   | Noticed a death yak
 12928 | Lair:2   | Killed a death yak
 12941 | Lair:2   | Killed a death yak
 12948 | Lair:2   | Killed a death yak
 12950 | Lair:2   | Killed a death yak
 12950 | Lair:2   | Reached skill level 12 in Maces & Flails
 12951 | Lair:2   | Killed a death yak
 13139 | Lair:3   | Reached skill level 5 in Armour
 13179 | Lair:3   | HP: 1/94 [porcupine (10)]
 13180 | Lair:3   | Reached skill level 10 in Invocations
 13474 | Lair:3   | Found a gate leading to a gauntlet.
 13523 | Gauntlet | Entered a Gauntlet
 13523 | Gauntlet | Found a transporter.
 13523 | Gauntlet | Found a transporter.
 13523 | Gauntlet | Found a transporter.
 13528 | Gauntlet | Found a transporter.
 13528 | Gauntlet | Found a transporter.
 13537 | Gauntlet | Found a transporter.
 13552 | Gauntlet | Found a transporter.
 13559 | Gauntlet | Found a transporter.
 13560 | Gauntlet | Identified the ring of Greater Demons {*Tele rC++}
 13577 | Gauntlet | Found a transporter.
 13585 | Gauntlet | Found a transporter.
 13603 | Gauntlet | Found a transporter.
 13638 | Gauntlet | Noticed a death yak
 13639 | Gauntlet | Noticed a death yak
 13639 | Gauntlet | Noticed a death yak
 13639 | Gauntlet | Noticed a death yak
 13653 | Gauntlet | Noticed a cacodemon
 13654 | Gauntlet | Found a transporter.
 14253 | Gauntlet | Noticed a minotaur
 14261 | Gauntlet | Slain by a minotaur

Levels and vault maps discovered:
D:1:      psy_arrival_fountain, layout_loops_ring, kennysheep_crisscross,
          minmay_worlds_worst_comb
D:2:      layout_basic, nicolae_overflow_crystal_walls, grunt_qazlal_clouds
D:3:      layout_loops_ring, led_sif_book, first_ration, hex_large
D:4:      layout_rooms, gammafunk_temple_overflow_elements,
          minmay_temple_entry_mist, uniq_blork_the_orc, uniq_eustachio,
          uniq_menkaure
D:5:      layout_basic, uniq_crazy_yiuf_cottage
D:6:      layout_loops_ring, gammafunk_temple_overflow_wave,
          okawaru_ov_weapons_minmay, ebering_ghost_reflecting_pool
D:7:      layout_rooms
D:8:      layout_basic, kennysheep_ying_yang, slow_altar_2
D:9:      layout_gridville, kennysheep_vampire_church,
          minmay_orc_entry_temple_small, uniq_harold, uniq_pikel
D:10:     layout_basic, the_bakery, minmay_fractal_squares_gapless_7
D:11:     layout_irregular_city, due_lair_maze_entry_diamond, serial_rivers,
          chequers_serial_rivers_micro_e, chequers_serial_rivers_room_a,
          chequers_serial_rivers_marsh, chequers_serial_rivers_room_b,
          chequers_serial_rivers_micro_c, chequers_serial_rivers_small_a
Temple:   cyrus_temple_forest
Lair:1:   layout_cave_pods, portal_ice_cave_entry_pillars_2, uniq_prince_ribbit2
Lair:2:   layout_regular_city, chequers_serial_rivers_micro_c,
          grunt_megastairs_1
Lair:3:   layout_cave_pods, minmay_snake_entry_guardpost_large,
          gauntlet_entry_generic, minmay_lair_oklob_bushes,
          nicolae_quartered_pool_medium, grunt_megastairs_4, lemuel_fruit_tree
Gauntlet: gammafunk_gauntlet_shortcut [gammafunk_gauntlet_arena_spirals,
          nicolae_gauntlet_arena_flowing_pool, gammafunk_gauntlet_arena_split_x,
          gammafunk_gauntlet_arena_hedges, gammafunk_gauntlet_arena_mazey,
          gammafunk_gauntlet_arena_grid, gauntlet_exit_green]

Skill      XL: |  1  2  3  4  5  6  7  8  9 10 11 12 |
---------------+-------------------------------------+-----
Maces & Flails | 3 4 5 6 8 9 10 11 12 | 12.2
Dodging        | 3 4 5 6 7 8 |  8.0
Armour         | 1 2 3 4 5 |  5.0
Fighting       | 3 4 5 6 7 8 |  8.5
Invocations    | 3 5 7 9 10 | 10.0
Evocations     | 2 4 5 6 7 |  7.7
Throwing       | |  1.7

Action                   |  1- 3 |  4- 6 |  7- 9 | 10-12 || total
-------------------------+-------+-------+-------+-------++-------
Melee: Flail             |   107 |   148 |    37 |       ||   292
       Mace              |       |       |   399 |   937 ||  1336
Throw: Throwing net      |       |     2 |     6 |     5 ||    13
Evoke: Wand              |       |       |     4 |    18 ||    22
  Use: Scroll            |     8 |     1 |     7 |    18 ||    34
       Potion            |       |     5 |     4 |     4 ||    13
 Stab: Sleeping          |     1 |       |     1 |     2 ||     4
       Held in net/web   |       |     1 |     3 |     4 ||     8
       Paralysed         |       |       |       |    38 ||    38
  Eat: Chunk             |     1 |     6 |    10 |    15 ||    32
       Ration            |       |       |     1 |     3 ||     4
Armor: Leather armour    |     9 |       |   196 |   301 ||   506
       Ring mail         |    52 |    51 |       |       ||   103
Dodge: Dodged            |    71 |    87 |   371 |   749 ||  1278
